cohdb
Replays
Latest Replays
All Replays
Popular Replays
Top Player Replays
Match Explorer
How It Works
Community
CoH3 Stats
Reddit
Sign in to upload your games and track your stats! →
Sign in with Steam
Match 42501704
Unlisted
Match 42501704
Overview
Messages
Build Orders
End
Panzerpioneer Squad
250 Light Carrier
Panzergrenadier Squad
Panzergrenadier Squad
Construct Light Support Kompanie
MG34 Team
Construct Mechanized Kompanie
Panzerjäger Mechanized Group
Selects Panzerjäger Kommand Battlegroup
Selects GrB 39 Grenade Launcher Requisition
Selects Mine Fields
Selects Defensive Positions
Marder III Tank Destroyer
Support Armor Elements
StuG III D Assault Gun
Selects Butterfly Bomb Drop
Butterfly Bomb Drop
StuG III D Assault Gun
Vehicle Survival Package
Panzerpioneer Squad
StuG III D Assault Gun
Marder III Tank Destroyer
Butterfly Bomb Drop
Construct Panzerarmee Kommand
Advanced Field Repairs
Panzerpioneer Squad
Butterfly Bomb Drop
Emergency Repair Kits
Panzer III L Medium Tank
Tungsten Core Ammunition
Armored Reserves
goatboy
FocusFuelOrFaceMyWrath
SuurSaadik
STALKER4732
kit.ohume
Devochkin
0
0
Comments
sign in to comment!
No comments posted yet!